 Dungeon Crawl Stone Soup version 0.31-a0-222-gefeffbb62a (webtiles) character file.

Game seed: 14957465738616418235

32 BritishOli the Trooper (level 3, 0/29 HPs)
             Began as a Demonspawn Fighter on July 5, 2023.
             Slain by Sigmund
             ... wielding a +0 scythe
              (6 damage)
             ... on level 2 of the Dungeon.
             The game lasted 00:00:43 (850 turns).

BritishOli the Trooper (Demonspawn Fighter)          Turns: 850, Time: 00:00:44

Health: 0/29       AC:  8    Str: 18    XL:     3   Next: 10%
Magic:  3/3        EV:  9    Int:  9    God:
Gold:   101        SH:  4    Dex: 12    Spells: 2/2 levels left

rFire   . . .        a - +0 war axe
rCold   . . .        c - +0 buckler
rNeg    . . .        b - +0 scale mail
rPois   .            (no helmet)
rElec   .            (no cloak)
rCorr   .            (no gloves)
SInv    +            (no boots)
Will    .....        (no amulet) Stlth
                     j - ring of see invisible
HPRegen 0.24/turn    (no ring)
MPRegen 0.08/turn

%: no passive effects
@: no status effects
A: claws 1, thin metallic scales 1
a: no special abilities


You were on level 2 of the Dungeon.
You visited 1 branch of the dungeon, and saw 2 of its levels.

You collected 101 gold pieces.

Inventory:

Hand Weapons
 a - a +0 war axe (weapon)
Armour
 b - a +0 scale mail (worn)
 c - a +0 buckler (worn)
Jewellery
 e - a ring of wizardry
 j - a ring of see invisible (left claw)
Scrolls
 h - 2 scrolls of identify {unknown}
 k - 2 scrolls of teleportation {unknown}
Potions
 d - a potion of might
 f - a potion of resistance {unknown}
 g - a potion of enlightenment {unknown}
 i - a potion of degeneration {unknown}
 l - a potion of magic {unknown}


   Skills:
 + Level 3.3 Fighting
 + Level 2.2 Axes
 + Level 3.0 Armour
 + Level 3.0 Shields


You had 2 spell levels left.
You didn't know any spells.
Your spell library was empty.

Dungeon Overview and Level Annotations

Branches:
Dungeon (2/15)

Altars:

Annotations:
D:2 Sigmund


Innate Abilities, Weirdness & Mutations

You have sharp fingernails.
You are partially covered in thin metallic scales. (AC +2)


Message History

You are too confused!
Sigmund is nearby!
You are too confused!
Sigmund is nearby!
You are too confused!
You are too confused!
You bump into the rock wall.
Sigmund casts a spell at you.
The puff of flame hits you but does no damage.
Sigmund closely misses you.
You bump into the rock wall.
You feel less confused. Sigmund hits you but does no damage.
Sigmund's eyes start glowing with a red light.
Sigmund casts a spell.
Sigmund flickers and vanishes for a moment.
You closely miss Sigmund. Sigmund hits you with a +0 scythe!
You slash Sigmund!
Sigmund is moderately wounded.
Sigmund gestures at you while chanting. You resist with significant effort.
You barely miss Sigmund.
Sigmund is moderately wounded.
Sigmund hits you but does no damage.
You barely miss Sigmund.
Sigmund is moderately wounded.
Sigmund hits you with a +0 scythe!
You closely miss Sigmund.
Sigmund is moderately wounded.
Sigmund hits you with a +0 scythe!
* * * LOW HITPOINT WARNING * * *
You barely miss Sigmund.
Sigmund is moderately wounded.
Sigmund hits you with a +0 scythe.
* * * LOW HITPOINT WARNING * * *
You slash Sigmund!
Sigmund is severely wounded.
Sigmund says, "Your kind have come here before.
I understand now why.
You desire death..."
Sigmund hits you with a +0 scythe.
You die...

.#.
...........#.....
...............†#.#.
#....#.#.#......#.#
....#.#.#.#........
....#.#.#.#.#..#.##
..........#.#..#.#
#.##.#.#.###.#..# #
#.##.#.#.###.#..#
#.@@..$......#.##
#.....##.#.#.###.#..
#.... #.###.# ....
... #.# #.. ######..
## #.# ###


You could see Sigmund (invisible).

Vanquished Creatures
  2 dart slugs
  2 ball pythons (D:1)
  2 endoplasms (D:1)
  2 giant cockroaches (D:1)
  A goblin (D:1)
  6 hobgoblins
  3 jackals (D:1)
  3 bats
  A kobold (D:1)
  3 rats
25 creatures vanquished.

Notes
Turn   | Place    | Note
-------+----------+-------------------------------------------
     0 | D:1      | BritishOli the Demonspawn Fighter began the quest for the
                  | Orb.
     0 | D:1      | Reached XP level 1. HP: 18/18 MP: 1/1
    86 | D:1      | Gained mutation: You are partially covered in thin metallic
                  | scales. (AC +2) [demonic ancestry]
    86 | D:1      | Reached XP level 2. HP: 24/24 MP: 2/2
   446 | D:1      | Found a faded altar of an unknown god.
   719 | D:2      | Gained mutation: You have sharp fingernails. [demonic
                  | ancestry]
   719 | D:2      | Reached XP level 3. HP: 27/29 MP: 3/3
   836 | D:2      | Noticed Sigmund
   850 | D:2      | Slain by Sigmund

Illustrated notes

Levels and vault maps discovered:
D:1:      matt_arrival_grand_opening, layout_basic,
          ebering_ecumenical_altar_sacrificial
D:2:      cheibrodos_old_hovel, layout_basic, st_stairs_10, minmay_3d_cube,
          uniq_sigmund

Skill      XL: |  1  2 |
---------------+-------+-----
Axes           | 2 |  2.2
Armour         | 3 |  3.0
Shields        | 3 |  3.0
Fighting       | |  3.3

Action                     || total
---------------------------++-------
  Melee: War axe           ||    69
 Armour: Scale mail        ||    39
  Dodge: Dodged            ||    16
  Block: Buckler           ||    18

Table legend: (Time is in decaauts)
 A = Elapsed time spent in this place.
 B = Non-inter-level travel time spent in this place.
 C = Inter-level travel time spent in this place.
 D = Time resting spent in this place.
 E = Time spent auto-exploring this place.
 F = Levels seen in this place.
 G = Mean time per level.
                   A        B        C        D        E       F      G
               +--------+--------+--------+--------+--------+-----+--------+
         Total |    879 |    874 |      5 |      0 |    690 |   2 |  439.5 |
       Dungeon |    879 |    874 |      5 |      0 |    690 |   2 |  439.5 |
               +--------+--------+--------+--------+--------+-----+--------+

Top non-repeatable levels by time:
     D:1: 661 daAuts
     D:2: 217 daAuts
